 Dungeon Crawl Stone Soup version 0.26.1-11-gd32895ea62 (webtiles) character file.

Game seed: 5236582471978830443

256 Zeld the Chucker (level 5, -2/52 HPs)
             Began as a Troll Hunter on June 11, 2021.
             Succumbed to a goblin's poison
             ... on level 2 of the Dungeon.
             The game lasted 00:04:10 (2593 turns).

Zeld the Chucker (Troll Hunter)                     Turns: 2593, Time: 00:04:11

Health: -2/52      AC:  6    Str: 21    XL:     5   Next: 92%
Magic:  4/4        EV: 10    Int:  7    God:
Gold:   136        SH:  0    Dex: 10    Spells: 4/4 levels left

rFire    . . .     SeeInvis .   (no weapon)
rCold    . . .     Faith    .   (no shield)
rNeg     . . .     Spirit   .   b - +0 robe
rPois    .         Reflect  .   (helmet restricted)
rElec    .         Harm     .   (no cloak)
rCorr    .         Rampage  .   (gloves unavailable)
Will     .....                  (boots unavailable)
Stlth    +.........             (no amulet)
HPRegen  0.57/turn              (no ring)
MPRegen  0.09/turn              (no ring)

@: mighty, lethally poisoned (-2 -> -40)
A: large, unfitting armour, claws 3, regeneration 1, shaggy fur 1, tough skin 3
a: no special abilities


You were on level 2 of the Dungeon.
You visited 1 branch of the dungeon, and saw 3 of its levels.

You collected 136 gold pieces.

Inventory:

Missiles
 c - 5 large rocks (quivered)
 h - 4 boomerangs of dispersal
Armour
 b - a +0 robe (worn)
Scrolls
 e - 3 scrolls of enchant armour {unknown}
 f - 2 scrolls of remove curse {unknown}
 g - 3 scrolls of identify {unknown}
 i - 2 scrolls of teleportation {unknown}
 l - a scroll of amnesia {unknown}
 n - a scroll of fear {unknown}
Potions
 d - a potion of flight {unknown}
 j - a potion of curing {unknown}
 k - a potion of attraction {unknown}
 m - a potion of invisibility {unknown}


   Skills:
 + Level 2.8 Fighting
 * Level 5.3 Throwing
 + Level 2.9 Dodging
 - Level 0.3 Stealth


You had 4 spell levels left.
You didn't know any spells.
Your spell library was empty.

Dungeon Overview and Level Annotations

Branches:
Dungeon (3/15)

Altars:


Innate Abilities, Weirdness & Mutations

You are too large for most types of armour.
You have claws for hands.
Your natural rate of healing is unusually fast.
You are covered in fur. (AC +1)
You have extremely tough skin. (AC +3)


Message History

Unknown command.
You closely miss the rat.
* * * LOW HITPOINT WARNING * * *
You feel very sick.
The goblin hits you with a +2 dagger of venom.
* * * LOW HITPOINT WARNING * * *
You are more poisoned.
The rat bites you but does no damage.
You scratch the rat.
You kill the rat!
* * * LOW HITPOINT WARNING * * *
You feel very sick. The goblin hits you but does no damage.
You are more poisoned.
Unknown command.
* * * LOW HITPOINT WARNING * * *
You feel very sick.
It was a potion of might.
You feel very mighty all of a sudden.
You die...

.###...#######..#
##..#..##
......##
#..#####.#..#
####.##
#...........# #.#
#.######.#.## #.#
#.# #.#.# #.#
#.######.#.# #.#
#.....)..#.# #.#
##############.#
#.#
#..Kw)g@.......#
#.#
#.##############
#.#####.#
#.......#
#########


You could see a worm, a goblin and a kobold.

Vanquished Creatures
  Sigmund (D:2)
  3 adders (D:2)
  An ooze (D:1)
  A worm (D:2)
  4 dart slugs
  A leopard gecko (D:1)
  A ball python (D:2)
  4 giant cockroaches
  8 goblins
  5 hobgoblins
  5 kobolds
  2 quokkas (D:2)
  3 bats
  3 frilled lizards
  11 rats
53 creatures vanquished.

Notes
Turn   | Place    | Note
-------+----------+-------------------------------------------
     0 | D:1      | Zeld the Troll Hunter began the quest for the Orb.
     0 | D:1      | Reached XP level 1. HP: 19/19 MP: 0/0
   166 | D:1      | Reached XP level 2. HP: 28/28 MP: 1/1
   332 | D:1      | Reached skill level 4 in Throwing
   646 | D:1      | Reached XP level 3. HP: 35/35 MP: 2/2
  1228 | D:2      | Noticed Sigmund
  1993 | D:2      | Reached XP level 4. HP: 42/42 MP: 3/3
  2213 | D:2      | Killed Sigmund
  2214 | D:2      | Reached skill level 5 in Throwing
  2214 | D:2      | Reached XP level 5. HP: 27/52 MP: 4/4
  2592 | D:2      | HP: 2/52 [poisoned by a goblin]
  2593 | D:2      | Succumbed to a goblin's poison

Illustrated notes

Levels and vault maps discovered:
D:1:      grunt_arrival_crossed_arrows, layout_basic, minmay_distorted
D:2:      layout_loops_ring, uniq_sigmund
D:3:      layout_rooms, elyvilon_altar_1, uniq_natasha, uniq_robin

Skill      XL: |  1  2  3  4 |
---------------+-------------+-----
Throwing       | 4 5 |  5.3
Fighting       | 2 |  2.8
Dodging        | 2 |  2.9
Stealth        | |  0.3

Action                   |  1- 3 |  4- 6 || total
-------------------------+-------+-------++-------
Melee: Unarmed           |   119 |    49 ||   168
Throw: Large rock        |     5 |     3 ||     8
       Throwing net      |     2 |       ||     2
  Use: Potion            |       |     1 ||     1
 Stab: Sleeping          |     1 |       ||     1
       Held in net/web   |     1 |       ||     1
Armor: Robe              |    28 |    18 ||    46
Dodge: Dodged            |    55 |    28 ||    83
